 Dungeon Crawl Stone Soup version 0.25-a0-365-g7600c65aa0 (webtiles) character file.

Game seed: 16950073184810775600, levelgen mode: deterministic

106 night the Sneak (level 4, -1/22 HPs)
             Began as a Spriggan Enchanter on Jan 5, 2020.
             Killed from afar by an orc wizard (8 damage)
             ... with a puff of flame
             ... on level 2 of the Dungeon.
             The game lasted 00:07:26 (2996 turns).

night the Sneak (Spriggan Enchanter)                Turns: 2996, Time: 00:07:27

Health: -1/22      AC:  3    Str:  4    XL:     4   Next: 55%
Magic:  2/10       EV: 18    Int: 17    God:
Gold:   131        SH:  0    Dex: 16    Spells: 0/9 levels left

rFire    . . .     SeeInvis +   a - +1 dagger
rCold    . . .     Gourm    .   (shield restricted)
rNeg     . . .     Faith    .   b - +0 robe
rPois    .         Spirit   .   (helmet restricted)
rElec    .         Reflect  .   e - +0 cloak
rCorr    .         Harm     .   (gloves unavailable)
MR       .....                  (boots unavailable)
Stlth    +++.......             (no amulet)
HPRegen  0.07/turn              (no ring)
MPRegen  0.12/turn              (no ring)

@: very slightly contaminated, very quick
A: very small, unfitting armour, see invisible, herbivore, speed 3, slow
metabolism 2
a: no special abilities


You were on level 2 of the Dungeon.
You were hungry.

You visited 1 branch of the dungeon, and saw 3 of its levels.

You collected 131 gold pieces.

Inventory:

Hand Weapons
 a - a +1 dagger (weapon)
Missiles
 f - 89 sling bullets
 j - 107 stones (quivered)
 m - a throwing net
Armour
 b - a +0 robe (worn)
 e - a +0 cloak (worn)
Jewellery
 i - an uncursed ring of fire
Scrolls
 k - 2 scrolls of identify {unknown}
 l - 2 scrolls of teleportation {unknown}
Potions
 c - a potion of mutation {unknown}
 g - 2 potions of haste {unknown}
 h - a potion of berserk rage {unknown}
 n - a potion of heal wounds {unknown}
Comestibles
 d - 4 rations


   Skills:
 + Level 1.1 Fighting
 + Level 2.2 Short Blades
 - Level 3.0 Dodging
 + Level 5.1 Stealth
 + Level 3.4 Spellcasting
 * Level 4.8 Hexes


You couldn't memorise any spells.
You knew the following spells:

 Your Spells              Type           Power        Failure   Level  Hunger
a - Corona                Hex            ###....      2%          1    None
b - Ensorcelled Hibernat  Hex/Ice        ##....       10%         2    ##.....
c - Confuse               Hex            ###.....     7%          3    ###....
d - Tukima's Dance        Hex            ###.....     7%          3    ###....

Your spell library contained the following spells:

 Spells                   Type           Power        Failure   Level  Hunger
 Dazzling Flash           Conj/Hex       ##....       19%         3    ###....


Dungeon Overview and Level Annotations

Branches:
Dungeon (3/15)

Altars:
Cheibriados
Gozag
Ru


Innate Abilities, Weirdness & Mutations

You are very small and have problems with some larger weapons.
You are too small for most types of armour.
You have supernaturally acute eyesight. (SInv)
You are a herbivore.
You cover ground extremely quickly.
You need to consume almost no food.


Message History

The orc wizard is severely wounded.
The orc wizard closely misses you.
You barely miss the orc wizard.
The orc wizard is severely wounded.
The orc wizard points at you and mumbles some strange words.
The puff of flame misses you. The orc wizard casts a spell at you.
The magic dart hits you.
* * * LOW HITPOINT WARNING * * *
Casting: Corona (safe; 2% risk of failure)
Confirm with . or Enter, or press ? or * to list all spells.
Aiming: Ensorcelled Hibernation (safe; 10% risk of failure)
Press: ? - help, Shift-Dir - straight line, f/p - orc wizard
Aim: an orc wizard, wielding a +0 dagger and wearing a +0 robe (severely wounded, slightly transparent, chance to defeat MR: 42%)
The orc wizard resists with some effort.
The orc wizard gestures at you while chanting.
You easily resist.
The orc wizard points at you and mumbles some strange words.
The puff of flame hits you!
You die...

######## #....... ####†######
#...)...... #)##.######
########### #)##.# #.....@...#
#.##.# ########.#######o#
#.##.# #........# #.# #.##.#
### #.#####÷.# #.# #.##.# #..
#.# #..#######.###.##.####.#
#.# #............#.......#.#
#.# #..#.##............o...#
#.#####..#.#####.###.......#.#
#........#.# #.# #.........#


You could see an orc wizard (invisible).

Vanquished Creatures
  4 gnolls
  An adder (D:2)
  An ooze (D:1)
  2 worms (D:2)
  A dart slug (D:1)
  5 bats
  A giant cockroach (D:2)
  7 goblins
  2 hobgoblins
  5 jackals
  A quokka (D:2)
  2 frilled lizards (D:1)
  4 kobolds
  14 rats
50 creatures vanquished.

Notes
Turn   | Place    | Note
-------+----------+-------------------------------------------
     0 | D:1      | night the Spriggan Enchanter began the quest for the Orb.
     0 | D:1      | Reached XP level 1. HP: 9/9 MP: 5/5
   351 | D:1      | Reached XP level 2. HP: 13/13 MP: 4/6
   356 | D:1      | Learned a level 2 spell: Ensorcelled Hibernation
   828 | D:1      | Reached XP level 3. HP: 17/17 MP: 3/8
  1732 | D:2      | Reached skill level 1 in Fighting
  1732 | D:2      | Reached skill level 5 in Stealth
  1800 | D:2      | Found a snail-covered altar of Cheibriados.
  2007 | D:2      | Reached XP level 4. HP: 22/22 MP: 4/9
  2239 | D:2      | Found an opulent altar of Gozag.
  2426 | D:2      | Learned a level 3 spell: Confuse
  2430 | D:2      | Learned a level 3 spell: Tukima's Dance
  2836 | D:2      | Found a sacrificial altar of Ru.
  2996 | D:2      | Killed from afar by an orc wizard

Levels and vault maps discovered:
D:1:      lightli_arrival_chessboard, layout_loops_ring
D:2:      layout_loops_ring, lemuel_coloured_pillars_altar,
          lemuel_crystal_altar, cheibriados_altar_1
D:3:      layout_basic

Skill      XL: |  1  2  3  4 |
---------------+-------------+-----
Hexes          | 4 |  4.8
Spellcasting   | 3 |  3.4
Fighting       | 1 |  1.1
Stealth        | 5 |  5.1
Short Blades   | 2 |  2.2
Dodging        | |  3.0

Action                   |  1- 3 |  4- 6 || total
-------------------------+-------+-------++-------
Melee: Dagger            |    78 |    52 ||   130
Throw: Stone             |       |     5 ||     5
 Cast: Corona            |     4 |     2 ||     6
       Ensorcelled Hiber |    30 |    16 ||    46
       Confuse           |       |     2 ||     2
 Stab: Sleeping          |    21 |    10 ||    31
       Confused          |       |     1 ||     1
  Eat: Ration            |       |     1 ||     1
Armor: Robe              |    10 |     9 ||    19
Dodge: Dodged            |    65 |    44 ||   109

Table legend:
 A = Non-vault XP
 B = Vault XP
 C = Vault XP percentage of total XP
 D = Non-vault monster count
 E = Vault monster count
 F = Vault count percentage of total count
                 A         B        C        D         E       F
            +---------+---------+-------+---------+---------+-------
      Total |     152 |       0 |   0.0 |      50 |       0 |   0.0
            +---------+---------+-------+---------+---------+-------
        D:1 |      73 |       0 |   0.0 |      27 |       0 |   0.0
        D:2 |      79 |       0 |   0.0 |      23 |       0 |   0.0
            +---------+---------+-------+---------+---------+-------
